Map: Overgrowth LE (Void)

Players

ELDRAGO

  • Race: Terran Terran
  • League: Platinum
  • Spawn Location: 1:00

Fropez - Winner!

  • Race: Protoss Protoss
  • League: Gold
  • Spawn Location: 7:00

VOD

Have the link to the VOD?

Description

Time

  • Played on: Jan. 11, 2017, 5:18 p.m.
  • Length: 10:45
Show
View Real Time Build Order
Export as new Build Order

ELDRAGO Terran 

Build Orders: Reaper Expand 

Get SALT Encoding   

  12  0:01  SCV  
  13  0:14  SCV  
  14  0:25  Supply Depot  
  14  0:26  SCV  
  15  0:34  Refinery  
  15  0:49  Barracks  
  15  0:58  SCV  
  16  1:10  SCV  
  17  1:22  SCV  
  18  1:34  SCV  
  18  1:36  Reaper  
  20  1:40  Refinery  
  20  1:54  Command Center  
  20  2:08  Orbital Command  
  19  2:34  Factory  
  19  2:41  Supply Depot  
  19  3:04  Barracks Reactor  
  19  3:28  Orbital Command  
  19  3:31  SCV  
  20  3:43  SCV  
  21  3:51  Cyclone x2  
  21  3:53  Barracks Reactor  
  27  3:59  SCV x2  
  29  4:08  Supply Depot  
  29  4:11  SCV x2, Starport  
  31  4:23  SCV x2, Cyclone  
  31  4:24  Cyclone  
  39  4:30  Marine x2  
  41  4:37  SCV x2  
  43  4:49  SCV x2  
  45  4:56  Cyclone x2  
  45  4:57  Starport Tech Lab  
  51  5:06  Supply Depot  
  51  5:09  SCV x2  
  51  5:10  Supply Depot  
  51  5:13  Marine  
  54  5:27  Marine, SCV x2, Barracks  
  57  5:34  Marine  
  58  5:36  Liberator  
  58  5:39  SCV x2  
  58  5:42  Supply Depot  
  60  5:44  Siege Tank  
  60  5:46  Engineering Bay  
  60  5:49  Marine  
  64  5:52  Marine  
  65  6:11  SCV x2  
  64  6:15  Refinery  
  64  6:16  Refinery  
  65  6:20  Siege Tank  
  65  6:23  SCV x2  
  70  6:29  Supply Depot  
  70  6:35  SCV x2  
  72  6:47  SCV x2  
  72  6:51  Missile Turret  
  74  6:55  Missile Turret  
  74  7:06  SCV x2  
  76  7:18  SCV x2  
  76  7:26  Supply Depot  
  76  7:27  Supply Depot  
  70  7:30  SCV x2  
  37  8:36  SCV  
  37  8:37  Marine  
  37  8:38  Marine  
  37  8:40  Siege Tank  
  43  8:42  Liberator  
  44  8:48  SCV  
  31  9:33  Marine x2  
  31  9:36  Siege Tank  
  30  10:16  Missile Turret  
Show
View Real Time Build Order
Export as new Build Order

Fropez Protoss - Winner!

Build Orders: 1 Gate Expand 

Get SALT Encoding   

  12  0:15  Probe (Chrono Boost)  
  13  0:22  Pylon  
  13  0:26  Probe (Chrono Boost)  
  14  0:36  Assimilator  
  14  0:42  Gateway  
  14  0:44  Probe (Chrono Boost)  
  15  0:55  Probe (Chrono Boost)  
  16  1:05  Probe (Chrono Boost)  
  17  1:16  Probe (Chrono Boost)  
  18  1:26  Nexus  
  18  1:35  Probe (Chrono Boost)  
  19  1:40  Pylon  
  19  1:45  Probe (Chrono Boost)  
  19  1:46  Assimilator  
  20  2:02  Probe (Chrono Boost)  
  21  2:11  Cybernetics Core  
  21  2:12  Pylon  
  21  2:20  Zealot  
  23  2:34  Warp Gate  
  23  2:36  Probe (Chrono Boost)  
  23  2:38  Probe (Chrono Boost)  
  24  2:50  Adept, Mothership Core (Chrono Boost)  
  28  2:52  Probe (Chrono Boost)  
  28  3:04  Probe (Chrono Boost)  
  29  3:08  Probe (Chrono Boost)  
  29  3:10  Pylon  
  30  3:16  Probe (Chrono Boost)  
  31  3:20  Assimilator  
  31  3:24  Assimilator  
  31  3:25  Adept  
  31  3:26  Pylon, Probe (Chrono Boost)  
  33  3:32  Probe (Chrono Boost), Gateway  
  34  3:37  Probe (Chrono Boost)  
  35  3:45  Robotics Facility  
  35  3:50  Pylon  
  35  3:52  Probe (Chrono Boost)  
  37  3:55  Probe (Chrono Boost)  
  37  3:59  Adept  
  39  4:04  Probe (Chrono Boost)  
  39  4:09  Probe (Chrono Boost)  
  41  4:14  Probe (Chrono Boost)  
  42  4:21  Probe (Chrono Boost)  
  43  4:30  Warp Prism  
  43  4:31  Twilight Council  
  45  4:39  Probe (Chrono Boost)  
  45  4:40  Probe (Chrono Boost)  
  47  4:49  Probe (Chrono Boost)  
  47  4:52  Probe (Chrono Boost)  
  49  4:54  Pylon  
  49  4:59  Pylon  
  49  5:00  Adept x2  
  49  5:01  Probe (Chrono Boost)  
  49  5:02  Resonating Glaives  
  49  5:04  Observer, Probe (Chrono Boost)  
  56  5:13  Probe (Chrono Boost)  
  57  5:17  Probe (Chrono Boost)  
  58  5:22  Adept x2  
  62  5:30  Pylon  
  62  5:38  Probe x2 (Chrono Boost)  
  62  5:41  Dark Shrine  
  64  5:57  Adept x2  
  64  6:00  Observer, Probe (Chrono Boost)  
  64  6:01  Probe (Chrono Boost)  
  71  6:19  Probe x2 (Chrono Boost)  
  71  6:21  Adept x2  
  75  6:27  Gateway  
  75  6:29  Gateway  
  75  6:31  Probe (Chrono Boost)  
  76  6:33  Pylon  
  76  6:36  Gateway  
  76  6:37  Gateway  
  76  6:38  Gateway  
  76  6:42  Observer  
  76  6:46  Gateway  
  77  7:08  Dark Templar x2  
  81  7:41  Dark Templar  
  81  7:42  Dark Templar  
  63  7:59  Dark Templar  
  55  8:14  Dark Templar  
  55  8:15  Dark Templar x2  
  55  8:17  Shadow Stride  
  61  8:26  Pylon  
  59  8:28  Pylon  
  59  8:30  Pylon  
  59  8:31  Forge  
  59  8:32  Forge  
  59  8:33  Forge  
  61  8:35  Probe x2 (Chrono Boost)  
  61  8:36  Pylon  
  58  8:57  Probe x2 (Chrono Boost)  
  58  9:09  Probe (Chrono Boost)  
  58  9:22  Probe (Chrono Boost)  
  58  9:23  Probe (Chrono Boost)  
  54  9:35  Dark Templar x3  
  54  9:36  Dark Templar x2  
  62  9:41  Nexus  
  62  9:43  Pylon  
  61  9:47  Pylon  
  61  9:49  Assimilator  
  59  9:54  Assimilator  
Tags
 
Add a new tag
Caveats
  • Supply blocks, unpowered buildings, or Contaminate may cause inaccurate times.
  • Supply counts are checked every 10 seconds.